 Dungeon Crawl Stone Soup version 0.27-a0-1051-g288ea87c7c (webtiles) character file.

Game seed: 17836959380637882995

120 snetch the Chopper (level 5, -3/47 HPs)
             Began as a Hill Orc Monk on Apr 20, 2021.
             Killed by nerve-wracking pain
             ... invoked by Jessica
              (14 damage)
             ... on level 2 of the Dungeon.
             The game lasted 00:06:28 (3193 turns).

snetch the Chopper (Hill Orc Monk)                  Turns: 3193, Time: 00:06:29

Health: -3/47      AC:  6    Str: 14 (15) XL:     5   Next: 4%
Magic:  5/5        EV: 11    Int:  9 (10) God:
Gold:   88         SH:  0    Dex: 11 (13) Spells: 4/4 levels left

rFire    . . .     SeeInvis .   a - +0 hand axe
rCold    . . .     Faith    .   (no shield)
rNeg     . . .     Spirit   .   i - +0 ring mail
rPois    .         Reflect  .   o - +0 helmet
rElec    .         Harm     .   (no cloak)
rCorr    .         Rampage  .   (no gloves)
Will     .....                  (no boots)
Stlth    +.........             (no amulet)
HPRegen  0.15/turn              (no ring)
MPRegen  0.09/turn              (no ring)

@: no status effects
A: talons 1, MP-powered wands
a: no special abilities


You were on level 2 of the Dungeon.
You visited 1 branch of the dungeon, and saw 3 of its levels.

You collected 88 gold pieces.

Inventory:

Hand Weapons
 a - a +0 hand axe (weapon)
Missiles
 c - 84 stones (quivered)
 d - 32 sling bullets
 e - 22 arrows
 h - 9 poisoned darts
 j - 10 bolts
Armour
 i - a +0 ring mail (worn)
 o - a +0 helmet (worn)
Wands
 m - a wand of digging (7)
Scrolls
 f - a scroll of identify {unknown}
 g - a scroll of holy word {unknown}
 k - a scroll of fog {unknown}
 l - a scroll of blinking {unknown}
Potions
 b - a potion of curing


   Skills:
 + Level 4.4 Fighting
 + Level 5.3 Axes
 + Level 1.5 Armour
 + Level 2.9 Dodging
 + Level 2.1 Stealth


You had 4 spell levels left.
You didn't know any spells.
Your spell library was empty.

Dungeon Overview and Level Annotations

Branches:
Dungeon (3/15)

Altars:
Cheibriados

Annotations:
D:2 Jessica, Sigmund


Innate Abilities, Weirdness & Mutations

You have sharp toenails.
You expend magic power (3 MP) to strengthen your wands.


Message History

Jessica casts a spell.
Jessica blinks!
You hit Sigmund. Your kick misses Sigmund.
Sigmund is moderately wounded.
Sigmund barely misses you.
Jessica gestures wildly while chanting.
Jessica seems to speed up.
You hit Sigmund. Your kick misses Sigmund.
Sigmund is heavily wounded.
Sigmund closely misses you.
You closely miss Sigmund.
Sigmund is heavily wounded.
Sigmund hits you with a +0 scythe!
You hit Sigmund. You claw Sigmund.
Sigmund is heavily wounded.
Sigmund misses you.
A hobgoblin comes into view.
You barely miss Sigmund.
Sigmund is heavily wounded.
The hobgoblin shouts!
Jessica casts a spell.
Jessica blinks!
Sigmund gestures at you while chanting. The puff of flame hits you!
You barely miss Sigmund. You claw Sigmund.
Sigmund is heavily wounded.
Sigmund hits you with a +0 scythe.
You hit Sigmund.
Sigmund is severely wounded.
Sigmund casts a spell at you. The magic dart hits you.
You closely miss Sigmund. Your kick misses Sigmund.
Sigmund is severely wounded.
Sigmund hits you with a +0 scythe.
* * * LOW HITPOINT WARNING * * *
You barely miss Sigmund. Your kick misses Sigmund.
Sigmund is severely wounded.
Jessica casts a spell at you. Pain shoots through your body!
You die...

#.##............ ##...
#.#..................#...
#.#......⌠....⌠......##..
#.#..................##..
#.'.........?........#...
#.'..................##..
#.#..................##..
#.#......⌠....⌠......####
#.#.....@.@g.........####
#.##.....@..........##...
#..##..............######
#..###............## ###
#..####..........## ...
#.....##........## .....
##.....########## #....
#.>.........# ##.###
#.####......# . ... .


You could see Sigmund, Jessica (fast) and a hobgoblin.

Vanquished Creatures
  Robin (D:2)
  4 adders
  5 dart slugs
  3 endoplasms
  3 giant cockroaches
  10 goblins
  8 hobgoblins
  4 jackals (D:1)
  A quokka (D:1)
  2 ball pythons
  3 bats (D:1)
  3 frilled lizards
  6 kobolds
  8 rats
61 creatures vanquished.

Notes
Turn   | Place    | Note
-------+----------+-------------------------------------------
     0 | D:1      | snetch the Hill Orc Monk began the quest for the Orb.
     0 | D:1      | Reached XP level 1. HP: 19/19 MP: 1/1
   378 | D:1      | Reached XP level 2. HP: 18/27 MP: 2/2
   651 | D:2      | Reached XP level 3. HP: 14/33 MP: 3/3
  1826 | D:2      | Noticed Sigmund
  1828 | D:2      | Noticed Jessica
  2075 | D:3      | Reached XP level 4. HP: 35/40 MP: 4/4
  2161 | D:3      | Found a snail-covered altar of Cheibriados.
  2239 | D:2      | Reached skill level 1 in Armour
  2246 | D:2      | Reached skill level 5 in Axes
  2479 | D:2      | Noticed Robin
  2504 | D:2      | Killed Robin
  2590 | D:2      | Gained mutation: You have sharp toenails. [potion of
                  | mutation]
  2590 | D:2      | Gained mutation: You expend magic power (3 MP) to
                  | strengthen your wands. [potion of mutation]
  2591 | D:2      | HP: 2/41 [poisoned by an adder]
  2604 | D:2      | Reached XP level 5. HP: 6/47 MP: 5/5
  3193 | D:2      | Killed from afar by Jessica

Illustrated notes

Levels and vault maps discovered:
D:1:      nicolae_arrival_washed_ashore, layout_basic
D:2:      layout_basic, grunt_ministairs_2, kennysheep_big_empty_room,
          uniq_jessica, uniq_sigmund, uniq_robin
D:3:      layout_loops_corners, overflow_temple_1_default, serial_shops,
          shop_coins, minmay_goblin_outpost, uniq_natasha, uniq_terence,
          uniq_purgy

Skill      XL: |  1  2  3  4 |
---------------+-------------+-----
Fighting       | 4 |  4.4
Stealth        | 2 |  2.1
Armour         | 1 |  1.5
Axes           | 5 |  5.3
Dodging        | |  2.9

Action                   |  1- 3 |  4- 6 || total
-------------------------+-------+-------++-------
Melee: Hand axe          |   119 |   116 ||   235
       Kick              |       |     6 ||     6
  Use: Potion            |       |     3 ||     3
 Stab: Sleeping          |     6 |       ||     6
Armor: Robe              |    20 |       ||    20
       Ring mail         |    22 |    35 ||    57
Dodge: Dodged            |    81 |    55 ||   136

Table legend: (Time is in decaauts)
 A = Elapsed time spent in this place.
 B = Non-inter-level travel time spent in this place.
 C = Inter-level travel time spent in this place.
 D = Time resting spent in this place.
 E = Time spent auto-exploring this place.
 F = Levels seen in this place.
 G = Mean time per level.
                   A        B        C        D        E       F      G
               +--------+--------+--------+--------+--------+-----+--------+
         Total |   3230 |   3172 |     58 |    533 |   1864 |   3 | 1076.7 |
       Dungeon |   3230 |   3172 |     58 |    533 |   1864 |   3 | 1076.7 |
               +--------+--------+--------+--------+--------+-----+--------+

Top non-repeatable levels by time:
     D:1: 2099 daAuts
     D:2: 771 daAuts
     D:3: 360 daAuts
